AoeStats
← Texbi

African Clearing

504090445Analyzed
3v3 RM · 1mo ago on Sep 3, 2026· 21m 9s· 6 players
Game mode
Random Map
Map size
Normal (6 player)
Population
200
Speed
Normal
Resources
Standard
Victory
Conquest
Starting age
Dark Age
Ending age
Imperial Age
RankedLock teamsTeams togetherTeam positionsShared explorationLock speedFull tech treeHidden civsTurbo modeCheats
Victory
Defeat
🇧🇪 Mapuche · Belgium
1260
+12
🇧🇪 Khitans · Belgium
1259
+12
🇧🇪 Chinese · Belgium
1122
+17
🇧🇪 Mongols · Belgium
1171
-14
🇨🇦 Berbers · Canada
1162
-14
🇲🇽 Bohemians · Mexico
1155
-13
marineEdgeLord
4:25 Loom
13:35 Feudal Age
20:00 Castle Age
victor_mv7
3:49 Loom
14:29 Feudal Age
15:06 Double-Bit Axe
20:35 Castle Age
TurdLips
10:15 Loom
13:30 Feudal Age
16:47 Scale Barding Armor
18:45 Castle Age
18:32 Wheelbarrow
18:13 Forging
Anomalyflair
3:02 Loom
13:16 Feudal Age
14:27 Double-Bit Axe
21:57 Castle Age
PetsSs
11:59 Feudal Age
10:18 Loom
12:50 Double-Bit Axe
14:16 Domestication
16:03 Fletching
16:26 Forging
20:24 Wheelbarrow
23:25 Castle Age
Texbi
11:32 Feudal Age
12:02 Loom
16:29 Castle Age
14:49 Double-Bit Axe
15:16 Fletching
17:06 Bodkin Arrow
20:16 Town Watch
Connection lost

Rejoining the realm…

Still unreachable

The connection could not be restored.

Session expired

The server has moved on; the page needs a fresh start.